 Dungeon Crawl Stone Soup version 0.29-a0-319-gad05b8d819 (webtiles) character file.

Game seed: 9640413750932320145

1156 rabbitsville the Ruffian (level 8, -9/78 HPs)
             Began as a Troll Brigand on Apr 1, 2022.
             Mangled by a two-headed ogre
             ... wielding a +0 giant club
              (23 damage)
             ... on level 5 of the Dungeon.
             The game lasted 00:11:28 (4068 turns).

rabbitsville the Ruffian (Troll Brigand)            Turns: 4068, Time: 00:11:28

Health: -9/78      AC:  5    Str: 22    XL:     8   Next: 16%
Magic:  7/7        EV:  9    Int: 11    God:
Gold:   219        SH:  0    Dex: 11    Spells: 7/7 levels left

rFire   . . .      SeeInvis .     - Unarmed
rCold   + . .      Faith    .   (no shield)
rNeg    . . .      Spirit   .   q - +0 robe of Deixeiqi {rElec rC+ Int+4}
rPois   .          Reflect  .   (helmet restricted)
rElec   +          Harm     .   c - +0 cloak
rCorr   .          Rampage  .   (gloves unavailable)
Will    .....                   (boots unavailable)
Stlth   ++........              (no amulet)
HPRegen 1.03/turn               (no ring)
MPRegen 0.10/turn               (no ring)

@: no status effects
A: large, unfitting armour, claws 3, regeneration 1, shaggy fur 1, tough skin 1
a: no special abilities


You were on level 5 of the Dungeon.
You visited 1 branch of the dungeon, and saw 5 of its levels.
You also visited: Sewer.

You collected 219 gold pieces.

Inventory:

Hand Weapons
 a - a +2 dagger
Missiles
 d - 15 poisoned darts (quivered)
 e - 3 curare-tipped darts
Armour
 b - a +0 robe
 c - a +0 cloak (worn)
 q - the +0 robe of Deixeiqi (worn) {rElec rC+ Int+4}
   (You found it on level 4 of the Dungeon)

   Int:       It affects your intelligence (+4).
   rC:        It protects you from cold.
   rElec:     It insulates you from electricity.
Jewellery
 h - an amulet of magic regeneration
 w - an amulet of faith
Scrolls
 f - 2 scrolls of amnesia {unknown}
 i - 9 scrolls of identify {unknown}
 k - 2 scrolls of enchant weapon {unknown}
 m - a scroll of fog {unknown}
 n - a scroll of summoning {unknown}
 o - a scroll of immolation {unknown}
 p - a scroll of noise {unknown}
 r - 5 scrolls of teleportation {unknown}
 s - 2 scrolls of silence {unknown}
 t - 3 scrolls of blinking {unknown}
Potions
 g - a potion of degeneration {unknown}
 j - a potion of flight
 l - a potion of lignification
 u - 2 potions of curing {unknown}
 v - a potion of magic {unknown}


   Skills:
 + Level 3.7 Fighting
 - Level 1.5 Short Blades
 * Level 5.5 Throwing
 - Level 0.7 Dodging
 - Level 2.8 Stealth
 * Level 5.7 Unarmed Combat


You had 7 spell levels left.
You didn't know any spells.
Your spell library contained the following spells:

 Spells                   Type           Power      Damage    Failure   Level
 Animate Skeleton         Necr           0%         N/A       34%         1
 Apportation              Tloc           0%         N/A       34%         1
 Summon Small Mammal      Summ           0%         N/A       34%         1
 Corpse Rot               Necr/Air       0%         N/A       47%         2
 Ensorcelled Hibernation  Hex/Ice        0%         N/A       47%         2
 Passwall                 Tmut/Erth      0%         N/A       47%         2
 Poisonous Vapours        Pois/Air       0%         N/A       47%         2
 Swiftness                Air            0%         N/A       71%         3


Dungeon Overview and Level Annotations

Branches:
Dungeon (5/15)              Sewer (visited)
 Temple: D:4-7

Altars:


Innate Abilities, Weirdness & Mutations

You are too large for most types of armour.
You have claws for hands.
Your natural rate of healing is unusually fast.
You are covered in fur. (AC +1)
You have tough skin. (AC +1)


Message History

w - an amulet of faith
Things that are here:
a +0 club; an orc corpse The two-headed ogre shouts in stereo!
Throw: 17 darts (poison)
Press: ? - help, Q - select action, (/) - cycle Shift-Dir - straight line, f - two-headed ogre
Aim: a two-headed ogre, wielding a +0 giant club and a +0 dire flail (74% to hit)
You throw a poisoned dart.
The poisoned dart hits the two-headed ogre!
The two-headed ogre is poisoned.
Throw: 16 darts (poison)
Press: ? - help, Q - select action, (/) - cycle Shift-Dir - straight line, f/p - two-headed ogre
Aim: a two-headed ogre, wielding a +0 giant club and a +0 dire flail (lightly wounded, very poisoned, 74% to hit)
You throw a poisoned dart.
The poisoned dart barely misses the two-headed ogre.
You scratch the two-headed ogre.
The two-headed ogre is lightly wounded.
The two-headed ogre barely misses you.
The two-headed ogre hits you with a +0 dire flail!
You scratch the two-headed ogre but do no damage.
The two-headed ogre is lightly wounded.
You scratch the two-headed ogre.
The two-headed ogre is lightly wounded.
The two-headed ogre hits you with a +0 giant club!
The two-headed ogre hits you with a +0 dire flail.
You claw the two-headed ogre!
The two-headed ogre is moderately wounded.
You scratch the two-headed ogre. You claw the two-headed ogre!
The two-headed ogre is heavily wounded.
The two-headed ogre hits you with a +0 giant club!!
The two-headed ogre hits you with a +0 dire flail!
* * * LOW HITPOINT WARNING * * *
You claw the two-headed ogre!
The two-headed ogre is severely wounded.
The two-headed ogre hits you with a +0 giant club.
* * * LOW HITPOINT WARNING * * *
The two-headed ogre barely misses you.
The two-headed ogre attacks as you move away!
The two-headed ogre hits you with a +0 giant club!!
You die...

#.........#..##......#
#......#.............
.####......#..#..##..O...
.....................#.#
###..#....†..#..###..#
#.......)..#....(.(#
#..#.####..#..###.......
##..#.####.##O.###.#.........
#...........@......#.........
#.....###...##.###.#.........
##..#.###...##.###.#.........
##......#..........#.........
#..............###.#.........
#..#..#.#....................
#...............)............
#.......#......###.###......<
##.##.###.......##.# ###.#.##


You could see a two-headed ogre (poisoned).

Vanquished Creatures
  Grinder (D:5)
  A black bear (D:5)
  An ice beast (D:5)
  2 ogres (D:4)
  A phantom (D:4)
  Blork the orc (D:5)
  A bullfrog (D:4)
  A howler monkey (D:4)
  A jelly (D:5)
  Jessica (D:2)
  4 gnolls (D:2)
  13 adders
  2 worms (D:4)
  4 dart slugs
  15 orcs
  7 bats
  9 endoplasms
  10 giant cockroaches
  12 goblins
  6 hobgoblins
  5 quokkas
  5 ball pythons
  9 frilled lizards
  7 kobolds
  9 rats
128 creatures vanquished.

Notes
Turn   | Place    | Note
-------+----------+-------------------------------------------
     0 | D:1      | rabbitsville the Troll Brigand began the quest for the Orb.
     0 | D:1      | Reached XP level 1. HP: 19/19 MP: 0/0
    79 | D:1      | Reached XP level 2. HP: 24/28 MP: 1/1
   186 | D:1      | Reached skill level 1 in Unarmed Combat
   397 | D:1      | Reached XP level 3. HP: 29/35 MP: 2/2
   724 | D:2      | Noticed Jessica
   738 | D:2      | Killed Jessica
  1046 | D:2      | Reached XP level 4. HP: 41/42 MP: 3/3
  1414 | D:2      | Reached XP level 5. HP: 39/49 MP: 4/4
  1424 | D:2      | Found a faded altar of an unknown god.
  2065 | D:3      | Identified the +1 ring mail "Qaplou" {Str+3}
  2223 | D:3      | Found a glowing drain.
  2251 | Sewer    | Entered a sewer
  2968 | D:4      | Noticed an ogre
  2976 | D:4      | Identified the +0 robe of Deixeiqi {rElec rC+ Int+4}
  2991 | D:4      | Killed an ogre
  2992 | D:4      | Reached XP level 6. HP: 21/59 MP: 5/5
  3523 | D:4      | Reached XP level 7. HP: 59/66 MP: 6/6
  3784 | D:5      | Entered Level 5 of the Dungeon
  3788 | D:5      | Noticed Grinder
  3802 | D:5      | Paralysed by Grinder for 6 turns
  3816 | D:5      | Killed Grinder
  3817 | D:5      | Reached skill level 5 in Throwing
  3817 | D:5      | Reached skill level 5 in Unarmed Combat
  3875 | D:5      | Noticed Blork the orc
  3882 | D:5      | Killed Blork the orc
  3916 | D:5      | Reached XP level 8. HP: 52/75 MP: 7/7
  4035 | D:5      | Noticed a two-headed ogre
  4068 | D:5      | Mangled by a two-headed ogre

Illustrated notes

Levels and vault maps discovered:
D:1:      dpeg_arrival_rooms_c, layout_loops_ring
D:2:      minmay_recursive_quarters, layout_basic,
          hellmonk_ecumenical_altar_inner_sanctum, uniq_jessica
D:3:      layout_loops_ring, portal_sewer_entry_f
D:4:      layout_basic, grunt_ministairs_3, minmay_surrounded
D:5:      layout_basic, uniq_grinder, uniq_blork_the_orc,
          uniq_crazy_yiuf_cottage

Skill      XL: |  1  2  3  4  5  6  7 |
---------------+----------------------+-----
Throwing       | 2 3 4 5 |  5.5
Unarmed Combat | 1 2 3 4 5 |  5.7
Fighting       | 2 3 |  3.7
Short Blades   | |  1.5
Dodging        | |  0.7
Stealth        | |  2.8

Action                   |  1- 3 |  4- 6 |  7- 9 || total
-------------------------+-------+-------+-------++-------
Melee: Dagger            |    20 |       |       ||    20
       Unarmed           |    72 |   224 |    75 ||   371
       Punch             |     1 |     3 |     4 ||     8
Throw: Dart              |       |     2 |     8 ||    10
  Use: Potion            |       |     3 |       ||     3
 Stab: Sleeping          |     5 |       |       ||     5
       Distracted        |       |     1 |       ||     1
Armor: Robe              |    48 |   112 |    18 ||   178
       Skin              |       |    11 |       ||    11
Dodge: Dodged            |    57 |   139 |    25 ||   221

Table legend: (Time is in decaauts)
 A = Elapsed time spent in this place.
 B = Non-inter-level travel time spent in this place.
 C = Inter-level travel time spent in this place.
 D = Time resting spent in this place.
 E = Time spent auto-exploring this place.
 F = Levels seen in this place.
 G = Mean time per level.
                   A        B        C        D        E       F      G
               +--------+--------+--------+--------+--------+-----+--------+
         Total |   4123 |   3991 |    132 |    138 |   1648 |   6 |  687.2 |
       Dungeon |   3770 |   3638 |    132 |    138 |   1603 |   5 |  754.0 |
         Sewer |    352 |    352 |      0 |      0 |     45 |   1 |  352.0 |
               +--------+--------+--------+--------+--------+-----+--------+

Top non-repeatable levels by time:
     D:2: 1223 daAuts
     D:4: 808 daAuts
     D:3: 755 daAuts
     D:1: 706 daAuts
   Sewer: 352 daAuts
     D:5: 277 daAuts
